 Dungeon Crawl Stone Soup version 0.32-a0-975-g85d4e5bfdb (webtiles) character file.

Game seed: 17003755878121106103

542 Maxmaps the Basher (level 7, -7/67 HPs)
             Began as an Oni Shapeshifter on Apr 18, 2024.
             Killed by divine providence
             ... invoked by an orc priest
              (16 damage)
             ... on level 4 of the Dungeon.
             The game lasted 00:04:51 (3918 turns).

Maxmaps the Basher (Oni Shapeshifter)               Turns: 3918, Time: 00:04:51

Health: -7/67      AC:  3    Str: 19    XL:     7   Next: 27%
Magic:  7/7        EV:  8    Int: 13    God:
Gold:   309        SH:  0    Dex:  8    Spells: 6/6 levels left

rFire   + . .        f - +0 hammer
rCold   + . .        (no shield)
rNeg    . . .        a - +0 animal skin
rPois   +            (helmet currently unavailable)
rElec   +            (cloak currently unavailable)
rCorr   +            (gloves unavailable)
SInv    .            (boots unavailable)
Will    .....        (no amulet)
Stlth   +            (no ring)
HPRegen 0.31/turn    (no ring)
MPRegen 0.10/turn

%: no passive effects
@: confused, beast-form, resistant, ambrosia-drunk
A: beast (slay +1), large, unfitting armour, horns 1, tough skin 1, double
potion healing, drunken brawling
a: Begin Untransformation, Convert to Beogh


You were on level 4 of the Dungeon.
You were a hulking beast.
You visited 1 branch of the dungeon, and saw 5 of its levels.

You collected 309 gold pieces.

Inventory:

Hand Weapons
 f - a +0 hammer (weapon)
Armour
 a - a +0 animal skin (worn)
 b - a +0 cloak
Talismans
 c - a beast talisman (active)
 d - a flux talisman
 e - a maw talisman
Scrolls
 g - 3 scrolls of identify
 h - a scroll of teleportation
 i - a scroll of amnesia {unknown}
 k - a scroll of enchant weapon {unknown}
 l - 2 scrolls of torment {unknown}
Potions
 j - a potion of ambrosia


   Skills:
 - Level 3.3 Fighting
 + Level 12.9 Maces & Flails
 - Level 1.7 Dodging
 - Level 2.6 Unarmed Combat
 - Level 3.0 Shapeshifting


You had 6 spell levels left.
You didn't know any spells.
Your spell library contained the following spells:

 Spells                   Type           Power      Damage    Failure   Level
 Ensorcelled Hibernation  Hex/Ice        0%         N/A       43%         2
 Passwall                 Erth           0%         N/A       67%         3
 Swiftness                Air            0%         N/A       67%         3


Dungeon Overview and Level Annotations

Branches:
Dungeon (5/15)
 Temple: D:4-7

Altars:

Shops:
D:2 :*:


Innate Abilities, Weirdness & Mutations

You are a hulking beast.
Your limbs bulge with bestial killing power. (Slay +1)
You are too large for most types of armour.
You have a pair of small horns on your head.
You have tough skin. (AC +1)
You gain doubled healing and magic from potions.
Whenever you drink a healing potion, you attack all around you.


Message History

Unknown command.
The orc priest invokes the aid of Beogh against you.
Beogh smites you! Something hits you but does no damage.
The orc warrior closely misses you.
You climb upwards.
Reactivating autopickup.
There is a stone staircase leading down here.
Unknown command.
The orc priest attacks as it pursues you!
The orc priest hits you with a +0 club.
There is an open door here.
You barely miss the orc priest.
The orc priest invokes the aid of Beogh against you.
Pain shoots through your body! Something hits you but does no damage.
Deactivating autopickup; reactivate with Ctrl-A.
You sock the orc priest!
The orc priest is almost dead.
The orc priest calls down the wrath of Beogh upon you.
Beogh smites you!
* * * LOW HITPOINT WARNING * * *
Something hits you.
* * * LOW HITPOINT WARNING * * *
It was a potion of resistance.
You feel protected. The orc priest hits you with a +0 club.
* * * LOW HITPOINT WARNING * * *
Something hits you but does no damage.
You take a swig of the potion and twirl your +0 hammer.
You barely miss something. You barely miss the orc priest.
The orc priest is almost dead.
You are confused.
You savour every drop.
You feel invigorated.
The orc priest calls down the wrath of Beogh upon you.
Pain shoots through your body!
* * * LOW HITPOINT WARNING * * *
Something hits you.
* * * LOW HITPOINT WARNING * * *
The orc priest calls down the wrath of Beogh upon you.
Beogh smites you!
You die...

.......#####..........#..........
#....#...###..........#.......###
#....#...#.....##.............###
.....#...#.....##................
.....##........##.....#..........
...............##.#####..........
...............#..#####..........
..............{#..............###
#.............o'h................
+.............##.................
#.............##..........#......
#.............#####.......#......
#########.......# #.......#.)....
#.......# #.......#......
#.......# #.......#......
#.......# #.......#......
#.......# #########......


You could see an orc priest.

Vanquished Creatures
  A centaur (D:3)
  A bullfrog (D:4)
  A bombardier beetle (D:4)
  Crazy Yiuf (D:3)
  10 adders
  3 dart slugs
  A ribbon worm (D:4)
  6 orcs
  7 ball pythons
  4 endoplasms
  3 giant cockroaches
  4 goblins
  6 hobgoblins
  8 jackals
  2 quokkas (D:4)
  4 bats
  2 frilled lizards
  8 kobolds
  3 rats
75 creatures vanquished.

Notes
Turn   | Place    | Note
-------+----------+-------------------------------------------
     0 | D:1      | Maxmaps the Oni Shapeshifter began the quest for the Orb.
     0 | D:1      | Reached XP level 1. HP: 19/19 MP: 1/1
   222 | D:1      | Reached XP level 2. HP: 26/29 MP: 2/2
   905 | D:2      | Reached skill level 1 in Maces & Flails
   905 | D:2      | Reached XP level 3. HP: 10/37 MP: 3/3
  1225 | D:2      | Found Fuzosoq's Assorted Antiques.
  1269 | D:2      | Reached skill level 2 in Maces & Flails
  1433 | D:2      | Found Leprit's Book Emporium.
  1641 | D:2      | Found Oteassegh's Book Shop.
  1898 | D:3      | Reached XP level 4. HP: 27/45 MP: 4/4
  2142 | D:3      | Noticed a centaur
  2168 | D:3      | Killed a centaur
  2169 | D:3      | Reached skill level 4 in Maces & Flails
  2169 | D:3      | Reached XP level 5. HP: 9/53 MP: 5/5
  2356 | D:3      | Found a runed translucent door.
  2357 | D:3      | Noticed Crazy Yiuf
  3011 | D:3      | Reached skill level 12 in Maces & Flails
  3011 | D:3      | Reached XP level 6. HP: 51/61 MP: 3/6
  3012 | D:3      | Killed Crazy Yiuf
  3413 | D:4      | Reached XP level 7. HP: 67/67 MP: 7/7
  3862 | D:5      | Entered Level 5 of the Dungeon
  3917 | D:4      | HP: 3/67 [orc priest/nerve-wracking pain (8)]
  3918 | D:4      | Killed from afar by an orc priest

Illustrated notes

Levels and vault maps discovered:
D:1:      dpeg_arrival_simpleton_c, layout_loops_ring
D:2:      layout_loops_ring, serial_shops, nicolae_square_shop, shop, shop_coins
D:3:      layout_loops_ring, minmay_misc_feat_iff, minmay_misc_feat_nine_boxes,
          uniq_crazy_yiuf_cottage
D:4:      layout_basic
D:5:      layout_cave_pods, minmay_temple_entry_fiery, guppyfry_early_orc_mine

Skill      XL: |  1  2  3  4  5 |
---------------+----------------+-----
Fighting       | 2 3 |  3.3
Maces & Flails | 1 2 4 12 | 12.9
Dodging        | |  1.7
Unarmed Combat | |  2.6
Shapeshifting  | |  3.0

Action                     |  1- 3 |  4- 6 |  7- 9 || total
---------------------------+-------+-------+-------++-------
  Melee: Unarmed           |    33 |       |       ||    33
         Headbutt          |    17 |    11 |     4 ||    32
         Club              |    61 |       |       ||    61
         Mace              |    18 |   112 |    36 ||   166
    Use: Scroll            |     2 |     3 |       ||     5
         Potion            |       |     2 |     2 ||     4
 Armour: Animal skin       |    93 |    72 |    42 ||   207
         Skin              |       |    65 |       ||    65
  Dodge: Dodged            |    64 |    54 |    20 ||   138

Table legend: (Time is in decaauts)
 A = Elapsed time spent in this place.
 B = Non-inter-level travel time spent in this place.
 C = Inter-level travel time spent in this place.
 D = Time resting spent in this place.
 E = Time spent auto-exploring this place.
 F = Levels seen in this place.
 G = Mean time per level.
                   A        B        C        D        E       F      G
               +--------+--------+--------+--------+--------+-----+--------+
         Total |   3930 |   3808 |    122 |    844 |   2360 |   5 |  786.0 |
       Dungeon |   3930 |   3808 |    122 |    844 |   2360 |   5 |  786.0 |
               +--------+--------+--------+--------+--------+-----+--------+

Top non-repeatable levels by time:
     D:3: 1280 daAuts
     D:2: 972 daAuts
     D:1: 851 daAuts
     D:4: 776 daAuts
     D:5: 49 daAuts
